 Dungeon Crawl Stone Soup version 0.23.2-30-g0e89c35 (webtiles) character file.

Game seed: 17085001546131061957

239 robbits the Insei (level 5, -10/45 HPs)
             Began as a Demonspawn Monk on June 14, 2019.
             Was a Priest of Wu Jian.
             Mangled by a crocodile (16 damage)
             ... in a sewer.
             The game lasted 00:05:55 (2865 turns).

robbits the Insei (Demonspawn Monk)                 Turns: 2865, Time: 00:05:56

Health: -10/45     AC:  3    Str:  9 (12) XL:     5   Next: 79%
Magic:  5/5        EV: 13    Int: 17 (19) God:    Wu Jian [***...]
Gold:   92         SH:  0    Dex: 14 (15) Spells: 4/4 levels left

rFire    . . .     SeeInvis .     - Unarmed
rCold    . . .     Gourm    .   (no shield)
rNeg     . . .     Faith    .   a - +0 robe
rPois    .         Spirit   .   (helmet restricted)
rElec    .         Reflect  .   (no cloak)
rCorr    .         Harm     .   q - +0 pair of gloves {Str+3}
MR       .....                  (no boots)
Stlth    ++........             n - amulet of regeneration
HPRegen  0.55/turn              f - +6 ring of intelligence
MPRegen  0.09/turn              (no ring)

@: no status effects
A: hooves 2, horns 1, robust 1, spiny 1, weak 1
a: Wall Jump, Serpent's Lash, Renounce Religion


You were in a sewer.
You worshipped Wu Jian.
Wu Jian was most pleased with you.
You were not hungry.

You visited 1 branch of the dungeon, and saw 4 of its levels.
You also visited: Sewer.

You collected 283 gold pieces.
You spent 191 gold pieces at shops.

Inventory:

Armour
 a - a +0 robe (worn)
 m - a +0 buckler
 q - a +0 pair of gloves of strength (worn)
Jewellery
 f - a +6 ring of intelligence (left hand)
 n - an amulet of regeneration (around neck)
Wands
 t - a wand of paralysis (1)
Scrolls
 g - a scroll of noise {unknown}
 h - a scroll of fog
 j - a scroll of teleportation
 k - a scroll of blinking
 s - a scroll of amnesia {unknown}
 u - a scroll of enchant armour {unknown}
Potions
 c - 4 potions of resistance
 i - 3 potions of curing
 l - 2 potions of magic {unknown}
 o - a potion of haste {unknown}
 p - 2 potions of lignification {unknown}
 r - a potion of agility {unknown}
Comestibles
 b - 5 rations


   Skills:
 + Level 3.5 Fighting
 + Level 3.3 Dodging
 + Level 2.4 Stealth
 * Level 5.1 Unarmed Combat


You had 4 spell levels left.
You didn't know any spells.
Your spell library contained the following spells:

 Spells                   Type           Power        Failure   Level  Hunger
 Animate Skeleton         Necr           N/A          24%         1    ##.....
 Apportation              Tloc           #.....       24%         1    ##.....
 Confusing Touch          Hex            #.....       24%         1    ##.....
 Summon Small Mammal      Summ           #...         24%         1    ##.....


Dungeon Overview and Level Annotations

Branches:
Dungeon (4/15)
 Temple: D:4-7

Altars:
Elyvilon
Trog
Wu Jian
Yredelemnul
The Shining One

Shops:
D:4 [[![*


Innate Abilities, Weirdness & Mutations

You have hoof-like feet.
You are partially covered in sharp spines.
You have a pair of small horns on your head.
You are robust. (+10% HP)
You are weak. (Str -2)


Message History

You headbutt the crocodile, but do no damage.
The crocodile is heavily wounded.
The crocodile bites you!!
You spin and attack the crocodile.
You hit the crocodile.
You kick the crocodile, but do no damage.
You headbutt the crocodile, but do no damage.
The crocodile is severely wounded.
The crocodile is struck by your spines. The crocodile barely misses you.
You hit the crocodile but do no damage.
The crocodile is severely wounded.
The crocodile barely misses you.
You spin and attack the crocodile.
You hit the crocodile but do no damage.
You headbutt the crocodile, but do no damage.
The crocodile is severely wounded.
The crocodile bites you!
* * * LOW HITPOINT WARNING * * *
You lunge at the crocodile.
You barely miss the crocodile.
The crocodile is severely wounded.
The crocodile is struck by your spines. The crocodile bites you!
You die...

####### ##.....##
#$......#
#[$.....#############
#!(...t@............∩
#/$.....####.########
#$......# #.#
##.....## #.# #######
#.# #.# #.# ##.##
##...##


You could see a crocodile.

Vanquished Creatures
  A hound (D:4)
  An orc priest (D:3)
  2 worker ants (D:4)
  3 adders
  2 oozes
  2 worms
  4 dart slugs
  10 orcs (D:3)
  2 giant cockroaches
  7 goblins
  5 hobgoblins
  7 jackals
  9 kobolds
  A quokka (D:3)
  2 ball pythons
  10 bats
  4 frilled lizards
  5 rats
77 creatures vanquished.

Vanquished Creatures (others)
  A wizard (D:3)
  4 toadstools (D:1)
5 creatures vanquished.

Grand Total: 82 creatures vanquished

Notes
Turn   | Place    | Note
-------+----------+-------------------------------------------
     0 | D:1      | robbits the Demonspawn Monk began the quest for the Orb.
     0 | D:1      | Reached XP level 1. HP: 18/18 MP: 1/1
   126 | D:1      | Reached skill level 3 in Unarmed Combat
   126 | D:1      | Gained mutation: You have large cloven feet. [demonic
                  | ancestry]
   126 | D:1      | Reached XP level 2. HP: 19/24 MP: 2/2
   696 | D:2      | Found an ornate altar of the Wu Jian Council.
   787 | D:2      | Became a worshipper of the Wu Jian Council
   787 | D:2      | Reached * piety under Wu Jian
   787 | D:2      | Reached ** piety under Wu Jian
   789 | D:2      | Gained mutation: You are partially covered in sharp spines.
                  | [demonic ancestry]
   789 | D:2      | Reached XP level 3. HP: 29/29 MP: 3/3
  1154 | D:2      | Found a glowing golden altar of the Shining One.
  1157 | D:2      | Noticed an angel
  1165 | D:2      | Found a basalt altar of Yredelemnul.
  1167 | D:2      | Noticed a profane servitor
  1368 | D:3      | Gained mutation: You have hoof-like feet. [demonic
                  | ancestry]
  1368 | D:3      | Reached XP level 4. HP: 32/35 MP: 4/4
  1379 | D:3      | Reached skill level 4 in Unarmed Combat
  1539 | D:3      | Found a white marble altar of Elyvilon.
  1759 | D:3      | Reached *** piety under Wu Jian
  2000 | D:3      | Reached XP level 5. HP: 40/41 MP: 5/5
  2005 | D:3      | Found a bloodstained altar of Trog.
  2006 | D:3      | Noticed a wizard
  2011 | D:3      | Killed a wizard
  2301 | D:4      | Found Gaoggog's Armour Shop.
  2405 | D:4      | Found Caroynt's Armour Boutique.
  2452 | D:4      | Found Rucvew's Assorted Antiques.
  2460 | D:4      | Bought 2 viscous brown potions for 48 gold pieces
  2598 | D:4      | Found Maudaprin's Distillery.
  2603 | D:4      | Bought a potion of curing for 39 gold pieces
  2603 | D:4      | Bought a potion of mutation for 104 gold pieces
  2603 | D:4      | Gained mutation: You have a pair of small horns on your
                  | head. [potion of mutation]
  2603 | D:4      | Gained mutation: You are robust. (+10% HP) [potion of
                  | mutation]
  2604 | D:4      | Lost mutation: You have a pair of small horns on your head.
                  | [potion of mutation]
  2604 | D:4      | Gained mutation: You are weak. (Str -2) [potion of
                  | mutation]
  2604 | D:4      | Gained mutation: You have a pair of small horns on your
                  | head. [potion of mutation]
  2660 | D:4      | Reached skill level 5 in Unarmed Combat
  2742 | D:4      | Found Eppuifaa's Armour Shoppe.
  2801 | D:4      | Found a glowing drain.
  2813 | Sewer    | Entered a sewer
  2838 | Sewer    | Noticed a crocodile
  2865 | Sewer    | Mangled by a crocodile

Skill      XL: |  1  2  3  4  5 |
---------------+----------------+-----
Stealth        | 2 |  2.4
Unarmed Combat | 3 4 5 |  5.1
Dodging        | 3 |  3.3
Fighting       | |  3.5

Action                   |  1- 3 |  4- 6 || total
-------------------------+-------+-------++-------
Melee: Unarmed           |   122 |    84 ||   206
       Kick              |    29 |    17 ||    46
       Headbutt          |       |     4 ||     4
       Punch             |       |     1 ||     1
Invok: Lunge             |     8 |    10 ||    18
       Whirlwind         |     6 |    12 ||    18
 Abil: Wall Jump         |     1 |       ||     1
  Use: Scroll            |     3 |     6 ||     9
       Potion            |       |     3 ||     3
 Stab: Sleeping          |     3 |     4 ||     7
  Eat: Chunk             |     1 |     5 ||     6
Armor: Robe              |    22 |    10 ||    32
Dodge: Dodged            |    86 |    42 ||   128
